 Dungeon Crawl Stone Soup version 0.30-a0-1124-g6e8f0f562f (webtiles) character file.

Game seed: 1405881607928517064

16001362 Wizard1ke the Exorcist (level 27, 147/171 HPs)
             Began as a Spriggan Fighter on Apr 23, 2023.
             Was an Elder of the Shining One.
             Escaped with the Orb
             ... and 15 runes on Apr 24, 2023!
             The game lasted 09:07:00 (96946 turns).

Wizard1ke the Exorcist (Spriggan Fighter)          Turns: 96946, Time: 09:07:00

Health: 147/171    AC: 13    Str: 15    XL:     27
Magic:  29/37      EV: 47    Int: 15    God:    the Shining One [****..]
Gold:   8747       SH: 12    Dex: 29    Spells: 30/42 levels left

rFire   + . .        V - +9 eudemon blade (holy)
rCold   + . .        W - +0 buckler "Qohoan" {rElec Str+3 Int+2}
rNeg    + + +        s - +0 swamp dragon scales of Philately {rPois Will++}
rPois   +            R - +0 hat "Put-Me-On" {rF+}
rElec   +            Z - +4 dragonskin cloak
rCorr   .            (gloves unavailable)
SInv    +            (boots unavailable)
Will    +++++        L - amulet "Wuirgh" {Rampage +Inv rN+ Will- Regen+}
Stlth   +            Y - +6 ring of dexterity
HPRegen 1.28/turn    n - ring of protection from cold
MPRegen 0.25/turn

%: rampage
@: glowing, studying 3 skills, very quick
A: very small, no large weapons, unfitting armour, see invisible, speed 3,
clumsy 1, deterioration 1, low MP 1, screaming 1, no potion heal 1, subdued
magic 1, MP-powered wands
0: Orb of Zot
}: 15/15 runes: serpentine, barnacled, slimy, silver, golden, iron, obsidian,
icy, bone, abyssal, demonic, glowing, magical, fiery, dark
a: Renounce Religion, Evoke Invisibility, Divine Shield, Cleansing Flame


You escaped.
You worshipped the Shining One.
The Shining One was greatly pleased with you.
You visited 18 branches of the dungeon, and saw 88 of its levels.
You visited Pandemonium 1 time, and saw 19 of its levels.
You visited the Abyss 1 time.
You also visited: Sewer and Wizlab.

You collected 15842 gold pieces.
You spent 7095 gold pieces at shops.

Inventory:

Hand Weapons
 V - a +9 eudemon blade of holy wrath (weapon)
Missiles
 u - 7 throwing nets (quivered)
 z - 12 curare-tipped darts
Armour
 b - +6 acid dragon scales
 q - the +2 hat "Fekhlele" {rElec rPois Will- Regen+}
   (You acquired it in Pandemonium)

   rElec:     It insulates you from electricity.
   rPois:     It protects you from poison.
   Regen:     It increases your rate of health regeneration.
   Will:      It decreases your willpower.
 s - the +0 swamp dragon scales of Philately (worn) {rPois Will++}
   (You took it off a yaktaur captain on level 5 of the Vaults)

   rPois:     It protects you from poison.
   Will:      It greatly increases your willpower.
 H - a +2 cloak of preservation
 O - the +3 buckler of the Saviour {rF- rC++ rCorr Str+3}
   (Okawaru gifted it to you on level 5 of the Vaults)

   Str:       It affects your strength (+3).
   rF:        It makes you vulnerable to fire.
   rC:        It greatly protects you from cold.
   rCorr:     It protects you from acid and corrosion.
 R - the +0 hat "Put-Me-On" (worn) {rF+}
   (You acquired it on level 8 of the Dungeon)

   rF:        It protects you from fire.
 W - the +0 buckler "Qohoan" (worn) {rElec Str+3 Int+2}
   (Okawaru gifted it to you on level 13 of the Dungeon)

   Str:       It affects your strength (+3).
   Int:       It affects your intelligence (+2).
   rElec:     It insulates you from electricity.
 Z - the +4 dragonskin cloak (worn)
   (You took it off Tiamat on level 1 of the Realm of Zot)

   Avatar's Aegis: It grants the wearer a chance to resist fire, cold, poison,
   electricity, acid, and negative energy.
Jewellery
 h - a ring of poison resistance
 n - a ring of protection from cold (right hand)
 E - a ring of willpower
 I - a +6 ring of dexterity
 L - the amulet "Wuirgh" (around neck) {Rampage +Inv rN+ Will- Regen+}
   (You took it off a vault sentinel on level 5 of the Vaults)

   [amulet of regeneration]

   rN:        It protects you from negative energy.
   +Inv:      It lets you turn invisible.
   Regen:     It increases your rate of health regeneration.
   Rampage:   It bestows one free step when moving towards enemies.
   Will:      It decreases your willpower.
 P - the ring "Geadd" {+Blink rF+ rN+ rCorr Int-3}
   (You found it on level 3 of the Crypt)

   [ring of positive energy]

   Int:       It affects your intelligence (-3).
   rF:        It protects you from fire.
   rN:        It protects you from negative energy.
   +Blink:    It lets you blink.
   rCorr:     It protects you from acid and corrosion.
 T - the amulet of the Republic {Acrobat rF+}
   (You found it in Pandemonium)

   [amulet of the acrobat]

   It increases your evasion while moving and waiting.
   rF:        It protects you from fire.
 U - a ring of flight
 Y - a +6 ring of dexterity (left hand)
Wands
 r - a wand of digging (55)
 x - a wand of mindburst (49)
 y - a wand of light (61)
 Q - a wand of iceblast (36)
 S - a wand of paralysis (72)
Scrolls
 c - 5 scrolls of butterflies
 e - 12 scrolls of vulnerability
 g - 11 scrolls of fear
 i - 12 scrolls of immolation
 j - 10 scrolls of teleportation
 o - 5 scrolls of magic mapping
 w - a scroll of brand weapon
 F - 11 scrolls of fog
 G - 6 scrolls of blinking
 J - 8 scrolls of poison
Potions
 d - 11 potions of might
 f - 14 potions of lignification
 k - 13 potions of attraction
 l - 6 potions of resistance
 m - 18 potions of flight
 p - a potion of haste
 v - 10 potions of brilliance
 A - 3 potions of heal wounds
 C - 39 potions of curing
 D - 6 potions of magic
 M - 5 potions of ambrosia
Miscellaneous
 a - a lightning rod (4/4)
 t - a box of beasts
 B - a phial of floods
 K - a figurine of a ziggurat
 N - a phantom mirror
 X - a tin of tremorstones (2/2)


   Skills:
 - Level 26.0 Fighting
 - Level 22.0 Long Blades
 - Level 4.0 Armour
 - Level 26.5 Dodging
 + Level 24.8 Shields
 - Level 8.0 Spellcasting
 - Level 18.0 Translocations
 - Level 4.0 Air Magic
 - Level 26.6 Invocations
 - Level 10.0 Evocations


You had 30 spell levels left.
You knew the following spells:

 Your Spells              Type           Power      Damage    Failure   Level
a - Vhi's Electric Charg  Tloc/Air       60%        N/A       1%          3
b - Lesser Beckoning      Tloc           92%        N/A       0%          2
c - Dispersal             Tloc           23%        N/A       1%          6
d - Apportation           Tloc           92%        N/A       0%          1

Your spell library contained the following spells:

 Spells                   Type           Power      Damage    Failure   Level
 Momentum Strike          Conj/Tloc      50%        3d9       1%          2
 Gell's Gravitas          Tloc           46%        N/A       1%          3
 Portal Projectile        Hex/Tloc       50%        N/A       1%          3
 Teleport Other           Tloc           46%        N/A       1%          3
 Volatile Blastmotes      Fire/Tloc      50%        2d14      1%          3
 Iskenderun's Mystic Bla  Conj/Tloc      25%        2d7       4%          4
 Shock                    Conj/Air       36%        1d5       8%          1
 Swiftness                Air            13%        N/A       11%         3
 Poisonous Vapours        Pois/Air       18%        N/A       13%         2
 Static Discharge         Conj/Air       18%        2-3/arc   13%         2
 Summon Forest            Summ/Tloc      12%        N/A       13%         5
 Cigotuvi's Dreadful Rot  Necr/Pois/Air  14%        N/A       17%         2
 Beastly Appendage        Tmut           8%         N/A       19%         1
 Foxfire                  Conj/Fire      16%        2x1d4     19%         1
 Freeze                   Ice            16%        1d4       19%         1
 Magic Dart               Conj           16%        1d3       19%         1
 Necrotise                Necr           16%        1d4       19%         1
 Slow                     Hex            16%        N/A       19%         1
 Sting                    Tmut/Pois      16%        1d3       19%         1
 Summon Small Mammal      Summ           16%        N/A       19%         1
 Ensorcelled Hibernation  Hex/Ice        8%         N/A       30%         2
 Passwall                 Tmut/Erth      3%         N/A       30%         2
 Scorch                   Fire           8%         2d5       30%         2
 Searing Ray              Conj           8%         2d4       30%         2
 Sublimation of Blood     Necr           4%         N/A       30%         2
 Wereblood                Tmut           4%         N/A       30%         2
 Mephitic Cloud           Conj/Pois/Air  7%         N/A       34%         3
 Airstrike                Air            6%         2d(1-17)  36%         4
 Call Canine Familiar     Summ           4%         N/A       52%         3
 Confusing Touch          Hex            4%         N/A       52%         3
 Dazzling Flash           Conj/Hex       8%         N/A       52%         3
 Frozen Ramparts          Ice            8%         1d2       52%         3
 Hailstorm                Conj/Ice       4%         3d4       52%         3
 Ignite Poison            Fire/Tmut/Pois 4%         N/A       52%         3
 Inner Flame              Hex/Fire       4%         N/A       52%         3
 Ozocubu's Armour         Ice            4%         N/A       52%         3
 Spider Form              Tmut/Pois      4%         N/A       52%         3
 Stone Arrow              Conj/Erth      8%         3d7       52%         3
 Summon Guardian Golem    Hex/Summ       4%         N/A       52%         3
 Vampiric Draining        Necr           4%         2d6       52%         3
 Anguish                  Hex/Necr       2%         N/A       90%         4
 Animate Armour           Summ/Erth      8%         N/A       90%         4
 Animate Dead             Necr           4%         N/A       90%         4
 Cause Fear               Hex            2%         N/A       90%         4
 Flame Wave               Conj/Fire      4%         2d5       90%         4
 Fulminant Prism          Conj/Hex       2%         3d5       90%         4
 Ice Form                 Ice/Tmut       4%         N/A       90%         4
 Leda's Liquefaction      Hex/Erth       2%         N/A       90%         4
 Olgreb's Toxic Radiance  Pois           4%         N/A       90%         4
 Petrify                  Tmut/Erth      4%         N/A       90%         4
 Sticky Flame             Conj/Fire      4%         2d3       90%         4
 Summon Ice Beast         Ice/Summ       4%         N/A       90%         4
 Arcjolt                  Conj/Air       4%         1d14      94%         5
 Silence                  Hex/Air        4%         N/A       94%         5
 Freezing Cloud           Conj/Ice/Air   3%         6-21      98%         5
 Agony                    Necr           4%         N/A       99%         5
 Alistair's Intoxication  Tmut/Pois      2%         N/A       99%         5
 Blade Hands              Tmut           2%         N/A       99%         5
 Borgnjor's Vile Clutch   Necr/Erth      2%         N/A       99%         5
 Irradiate                Conj/Tmut      2%         3d12      99%         5
 Lee's Rapid Deconstruct  Erth           2%         3d4*      99%         5
 Metabolic Englaciation   Hex/Ice        2%         N/A       99%         5
 Summon Mana Viper        Hex/Summ       4%         N/A       99%         5
 Conjure Ball Lightning   Conj/Air       4%         3x3d6     100%        6
 Eringya's Noxious Bog    Tmut/Pois      2%         N/A       100%        6
 Plasma Beam              Fire/Air       4%         2x1d16    100%        6
 Simulacrum               Ice/Necr       2%         N/A       100%        6
 Starburst                Conj/Fire      2%         6d3       100%        6
 Summon Cactus Giant      Summ           2%         N/A       100%        6
 Dragon Form              Tmut           2%         N/A       100%        7
 Enfeeble                 Hex            2%         N/A       100%        7
 Haunt                    Necr/Summ      2%         N/A       100%        7
 Orb of Destruction       Conj           2%         9d5       100%        7
 Ozocubu's Refrigeration  Ice            2%         4d7       100%        7
 Spellforged Servitor     Conj/Summ      2%         N/A       100%        7
 Storm Form               Tmut/Air       4%         N/A       100%        7
 Summon Hydra             Summ           2%         N/A       100%        7
 Borgnjor's Revivificati  Necr           2%         N/A       100%        8
 Infestation              Necr           2%         N/A       100%        8
 Lehudib's Crystal Spear  Conj/Erth      2%         10d2      100%        8
 Maxwell's Capacitive Co  Air            6%         ∞         100%        8
 Necromutation            Tmut/Necr      2%         N/A       100%        8
 Chain Lightning          Conj/Air       4%         3d6       100%        9
 Death's Door             Necr           2%         N/A       100%        9
 Fire Storm               Conj/Fire      2%         8d1       100%        9
 Polar Vortex             Ice            2%         N/A       100%        9
 Shatter                  Erth           2%         3d6*      100%        9


Dungeon Overview and Level Annotations

Branches:
Dungeon (15/15)            Temple (1/1) D:7            Lair (5/5) D:8
 Shoals (4/4) Lair:3        Snake (4/4) Lair:3        Slime (5/5) Lair:5
    Orc (2/2) D:11            Elf (3/3) Orc:2        Vaults (5/5) D:13
  Crypt (3/3) Vaults:2       Tomb (3/3) Crypt:3      Depths (4/4) D:15
   Hell (visited)             Dis (7/7) Hell            Geh (7/7) Hell
    Coc (7/7) Hell            Tar (7/7) Hell            Zot (5/5) Depths:4
  Sewer (visited)          WizLab (visited)

Altars:
Ashenzari
Cheibriados
Dithmenos
Elyvilon
Fedhas
Gozag
Hepliaklqana
Kikubaaqudgha
Makhleb
Nemelex Xobeh
Okawaru
Qazlal
Ru
Sif Muna
Trog
Uskayaw
Vehumet
Wu Jian
Xom
Yredelemnul
Zin
The Shining One
Jiyva

Shops:
D:2 ?   D:4 :   D:15 (   Orc:2 ?:[(   Elf:1 *   Elf:2 [   Elf:3 (   Shoals:2 *
Shoals:4 :   Snake:3 *![(   Vaults:2 ?   Vaults:3 =[   Depths:4 !**(!

Portals:
Hell: Depths:1 Depths:2 Depths:3 Depths:4
Abyss: Depths:1 Depths:3
Pandemonium: Depths:2 Depths:4
Ziggurat: Depths:1

Annotations:
D:6 3 runed translucent doors, Gadrel's ghost, novice NaFE
Elf:2 3 runed translucent doors
Vaults:1 2 transporters
Vaults:2 Khufu
Depths:1 exclusions: 2 great orbs of eyes, shining eye and 1 more exclusion
Dis:7 Dispater
Geh:2 9 runed translucent doors
Geh:7 Asmodeus
Coc:7 exclusion: 2 ice statues, Antaeus
Zot:3 3 transporters


Innate Abilities, Weirdness & Mutations

You are very small and have problems with some larger weapons.
You are too small for most types of armour.
You have supernaturally acute eyesight. (SInv)
You cover ground extremely quickly. (Speed+++)
You are clumsy. (Dex -2)
Your body sometimes deteriorates upon taking damage.
Your magical capacity is low. (-10% MP)
You occasionally shout uncontrollably at your foes.
Potions are less effective at restoring your health.
Your spells are a little easier to cast, but a little less powerful.
You expend magic power (3 MP) to strengthen your wands.


Message History

You climb upwards.
There is a stone staircase leading down here.
You see here a +0 dagger.
An ice devil comes into view.
The ice devil moves out of view.
There is a stone staircase leading up here.
You climb upwards.
There is a stone staircase leading down here.
There is a stone staircase leading up here.
You climb upwards.
There is a stone staircase leading down here.
(D) Dungeon (T) Temple (L) Lair (A) Shoals (P) Snake Pit (M) Slime Pits (O) Orcish Mines (E) Elven Halls (V) Vaults (C) Crypt (W) Tomb (U) Depths (H) Hell (I) Dis (G) Gehenna (X) Cocytus (Y) Tartarus (Z) Zot
Where to? (Enter - D:4 @ (x,y), ? - help)
What level of the Dungeon? (default 1, ? - help)
There is a stone staircase leading up here.
You climb upwards.
There is a stone staircase leading down here.
There is an open door here.
A hellion comes into view.
Press: ? - help, v - describe, . - travel A staircase leading out of the dungeon.
This square is lit by a halo and is covered in magical glow.
Press: ? - help, v - describe, . - travel A staircase leading out of the dungeon.
This square is lit by a halo and is covered in magical glow.
Unknown command.
You enter the shallow water.
Moving in this stuff is going to be slow.
The hellion moves out of view.
There is a staircase leading out of the dungeon here.
You are momentarily dazzled by a brilliant light.
You can no longer summon a divine warrior.
The hellion gestures at you.
The sphere of damnation explodes!
The damnation engulfs you!! The damnation engulfs your angel!!
You have escaped!

#.# ###.###..#.#.####....(....
#.# ##...###..#.#.####...######
#.# ##.##..#..............# #.#
##.###.###'##########.## #.#
#.####.##~..♣♣ #.# #.###.#
#...#~...♣♣ ##.#######
#.....###..##~...<♣#####.........
#####..##...#≈....♣#......#######
#........#≈~.@.♣#..##.##
#..##...##≈~~.A.#.###.#
#........#.≈≈~..'.# #.#
#..####..#.~P~.P### #.# # #..#
#..'<~P~~.# #.# #
####..####..#.≈PP~~#####.# #
#.......>...#2~~PP≈#.....# #
#.##........#..~PP~####### #
#.##..###.###..~~≈≈#


You could see a hellion (ally target) and a friendly angel (summoned).

Vanquished Creatures
  the Royal Jelly (Slime:5)
  6 dread liches
  Tiamat (Zot:1)
  10 ancient liches
  5 orbs of fire
  A juggernaut (Depths:2)
  4 pandemonium lords (Pan)
  14 royal mummies
  Josephina (Crypt:1)
  10 shard shrikes
  Saint Roka (Elf:2)
  A Killer Klown (Zot:5)
  2 curse toes
  Xtahua (Vaults:2)
  7 caustic shrikes
  Geryon (Hell)
  6 golden dragons
  A profane servitor (Tar:3)
  Nikola (Vaults:3)
  17 bone dragons
  12 Tzitzimimeh
  3 electric golems
  11 Brimstone Fiends
  A shard shrike zombie (Crypt:3)
  4 iron giants (Dis:7)
  5 hellephants
  17 tainted leviathans
  19 doom hounds
  A walking crystal tome (Depths:2)
  3 spectral shard shrikes
  11 Hell Sentinels
  13 Orb Guardians (Zot:5)
  17 Ice Fiends
  Grunn (Crypt:1)
  5 liches
  11 searing wretches
  14 tentacled monstrosities
  26 titans
  Asterion (Snake:1)
  Murray (Depths:1)
  4 deep elf master archers
  A kraken (Shoals:3)
  11 acid blobs
  11 quicksilver dragons
  A deep elf blademaster (Crypt:1)
  17 Executioners
  7 sphinxes
  A tentacled starspawn (Abyss:3)
  26 ancient champions
  17 shadow dragons
  11 death cobs
  A thorn hunter (Abyss:3)
  Agnes (Orc:2)
  13 storm dragons
  6 draconian monks
  6 tengu reavers (Vaults:5)
  15 nagarajas
  8 draconian knights
  2 demonspawn warmongers (Pan)
  8 revenants
  19 narguns
  2 iron dragons
  22 fire giants
  20 frost giants
  13 rockslimes
  6 quicksilver elementals
  12 deep elf sorcerers
  15 azure jellies
  A caustic shrike zombie (Abyss:3)
  Aizul (Snake:4)
  A spectral juggernaut (Tar:6)
  A juggernaut zombie (D:15)
  9 shard shrike simulacra
  12 draconian scorchers
  5 draconian stormcallers
  6 curse skulls
  5 ghost moths
  9 cacodemons (Pan)
  15 vault wardens
  14 very ugly things
  21 ghouls
  2 spectral caustic shrikes
  5 draconian shifters
  29 balrugs
  4 orc warlords
  10 deep elf elementalists
  4 demonspawn corrupters (Pan)
  3 quicksilver oozes
  5 ironbound thunderhulks
  A demonspawn blood saint (Pan)
  19 ironbound preservers
  8 reapers
  17 stone giants
  2 draconian annihilators (Pan)
  14 war gargoyles
  2 spriggan defenders (Depths:3)
  2 caustic shrike skeletons
  7 lorocyprocas (Pan)
  8 black draconians
  21 elemental wellsprings
  25 vampire knights
  14 yellow draconians
  10 green draconians
  9 red draconians
  3 deep elf demonologists
  A spectral titan (Tar:4)
  A demonspawn black sun (Pan)
  2 eleionomae (Shoals:2)
  18 wendigos
  14 purple draconians
  6 bennus
  14 dire elephants
  18 putrid mouths
  Azrael (D:14)
  9 deep elf annihilators
  11 white draconians
  A spark wasp (Depths:2)
  5 iron golems
  21 eidola
  2 crystal guardians (Vaults:2)
  Snorg (Lair:5)
  4 merfolk impalers
  6 blizzard demons (Pan)
  6 merfolk javelineers
  A spectral golden dragon (Tar:7)
  13 green deaths (Pan)
  8 ettins
  9 deep elf death magi
  8 fire dragons
  6 jiangshi
  22 mummy priests
  3 spectral spriggans
  10 great orbs of eyes
  8 deep elf high priests
  4 entropy weavers
  A hydra (shapeshifter) (Vaults:5)
  27 vault guards
  11 caustic shrike simulacra
  3 peacekeepers
  25 yaktaur captains
  A quicksilver dragon skeleton (Crypt:1)
  5 hell beasts
  A rakshasa (Depths:2)
  13 salamander tyrants
  3 spriggan zombies
  14 ice dragons
  3 ogre magi (Vaults:5)
  12 centaur warriors
  2 hydras
  2 spriggan air magi
  Erica (D:8)
  9 ironbound frosthearts
  3 alligator snapping turtles
  5 catoblepae
  5 boulder beetles
  3 merfolk avatars (Shoals:4)
  9 anacondas
  6 juggernaut simulacra
  15 dancing weapons
  5 deep troll shamans
  6 spriggan skeletons
  5 stokers
  80 death scarabs
  9 merfolk aquamancers
  9 satyrs
  6 deep troll earth magi
  6 shock serpents
  A two-headed ogre (shapeshifter) (Depths:3)
  3 two-headed ogres
  4 spriggan berserkers
  39 hell hogs
  8 death yaks
  3 tengu warriors
  14 vampire magi
  A spectral dire elephant (Tar:3)
  A spectral naga (Tar:3)
  2 thrashing horrors (Abyss:3)
  13 naga sharpshooters
  17 naga warriors
  5 orc high priests
  8 skysharks
  17 soul eaters
  A titan zombie (Depths:3)
  20 deep elf knights
  52 sun demons
  A fire crab (D:15)
  17 shadow wraiths
  4 crystal echidnas
  46 skeletal warriors
  13 hell knights
  4 salamander mystics
  2 skysharks (shapeshifter)
  A wretched star (Abyss:3)
  7 iron trolls
  2 titan skeletons
  17 sixfirhies (Pan)
  A bunyip zombie (Hell)
  An anaconda zombie (Crypt:2)
  A deep troll (shapeshifter) (Vaults:5)
  5 flayed ghosts
  4 spriggan druids (Depths:3)
  11 sea snakes
  6 quicksilver dragon simulacra
  14 shadow demons
  8 naga ritualists
  72 deep trolls
  A spectral iron dragon (Tar:2)
  3 glowing orange brains
  23 ironbound convokers
  A lindwurm (shapeshifter) (D:14)
  14 harpies
  12 lindwurms
  A kraken simulacrum (Coc:7)
  3 bog bodies (Crypt:2)
  15 wizards
  A steelbarb worm (shapeshifter) (Vaults:2)
  A sphinx zombie (Crypt:3)
  2 anaconda skeletons
  A swamp dragon (Abyss:3)
  28 deep elf pyromancers
  15 phantasmal warriors
  37 deep elf zephyrmancers
  2 golden dragon skeletons
  9 necromancers
  2 wolf spiders (shapeshifter)
  8 spriggan simulacra
  16 deep elf archers
  12 orc knights
  11 mana vipers
  A stone giant zombie (D:15)
  41 ugly things
  3 human zombies
  A shadow dragon skeleton (Crypt:2)
  9 salamanders
  5 shining eyes
  9 elephants
  A cyclops (shapeshifter) (Vaults:5)
  9 cyclopes
  29 fauns
  6 merfolk sirens
  19 manticores
  A centaur zombie (Crypt:3)
  2 human skeletons
  30 black mambas
  A goliath frog skeleton (Crypt:1)
  A worldbinder (Abyss:3)
  A rust devil (Abyss:3)
  A spectral alligator snapping turtle (Tar:2)
  An eleionoma skeleton (Crypt:1)
  6 guardian serpents
  21 moths of wrath
  16 vault sentinels
  2 eyes of devastation
  A fire giant skeleton (D:15)
  5 water nymphs
  9 titan simulacra
  A naga zombie (Crypt:3)
  2 apocalypse crabs (Abyss:3)
  8 demonic crawlers (Pan)
  18 naga magi
  10 cane toads
  5 molten gargoyles (Geh:7)
  3 gargoyles
  A storm dragon simulacrum (Coc:1)
  4 komodo dragons
  13 orange demons
  31 large abominations
  45 smoke demons
  4 kobold demonologists
  4 rime drakes
  29 hellions
  2 torpor snails (Lair:4)
  A black draconian zombie (Crypt:2)
  A grey draconian zombie (Crypt:3)
  2 swamp worm zombies
  41 yaktaurs
  A bunyip simulacrum (Coc:2)
  4 efreet
  34 tormentors
  9 freezing wraiths
  3 anaconda simulacra
  5 ice devils
  A harpy zombie (Crypt:3)
  3 iron giant simulacra
  47 guardian mummies
  A purple draconian skeleton (Crypt:3)
  3 red devils
  A mana viper zombie (Crypt:1)
  5 tengu conjurers
  2 spectral harpies
  4 ancient zymes
  A merfolk (shapeshifter) (D:12)
  3 polar bears
  3 meliai (D:12)
  6 wind drakes
  20 hellwings
  A catoblepas skeleton (Crypt:2)
  2 shadow dragon simulacra
  3 hornets
  5 trolls
  27 merfolk
  A queen bee (D:12)
  9 blink frogs
  2 harpy skeletons
  A raiju (shapeshifter) (D:11)
  A tengu simulacrum (Depths:3)
  3 iron dragon simulacra
  2 raiju (Abyss:3)
  11 snapping turtles
  A satyr zombie (Crypt:3)
  A deep troll zombie (Vaults:4)
  5 flying skulls (Tomb:3)
  5 dream sheep
  A stone giant simulacrum (Coc:2)
  62 slime creatures
  3 shadows
  2 wyverns
  A centaur simulacrum (D:15)
  20 spriggans
  13 fire elementals
  8 ynoxinuls
  9 water elementals
  9 dire elephant simulacra
  3 naga simulacra
  A culicivora (shapeshifter) (Depths:1)
  8 vampires
  A wind drake zombie (Crypt:1)
  3 air elementals
  7 ushabtiu
  5 basilisks
  42 yaks
  10 wraiths
  Eustachio (D:6)
  4 starcursed masses (Abyss:3)
  15 neqoxecs
  8 chaos spawn (Pan)
  3 steam dragons
  3 golden eyes (Slime:3)
  11 redbacks
  A human simulacrum (Vaults:4)
  20 harpy simulacra
  6 vampire mosquitoes (D:12)
  4 wargs
  44 nagas
  2 glowing shapeshifter zombies
  4 hydra simulacra
  10 water moccasins
  4 acid dragons
  A hell hound (D:14)
  A glowing shapeshifter skeleton (Vaults:1)
  3 two-headed ogre zombies (WizLab)
  A floating eye (Depths:2)
  2 black bears
  2 two-headed ogre skeletons
  A swamp drake (shapeshifter) (Vaults:5)
  6 sky beasts
  42 orc warriors
  2 ettin simulacra
  A cane toad skeleton (Crypt:3)
  An ice beast (D:6)
  A swamp dragon zombie (Hell)
  A water nymph skeleton (Crypt:2)
  2 black mamba simulacra (Crypt:2)
  4 boggarts (Vaults:1)
  2 small abominations (Abyss:3)
  13 wolves (Lair:2)
  4 ogres
  9 centaurs
  A swamp dragon skeleton (Crypt:3)
  A phantom (D:5)
  10 kobold brigands
  3 earth elementals
  15 bullfrogs
  5 scorpions
  3 gnoll sergeants
  4 necrophages
  A salamander skeleton (Crypt:2)
  26 wights
  A water moccasin zombie (Crypt:3)
  37 killer bees
  7 troll zombies (WizLab)
  An electric eel (D:8)
  4 howler monkeys
  A quasit (Abyss:1)
  2 jellies
  2 hounds
  35 orc priests
  A bullfrog skeleton (Crypt:3)
  2 gnoll boudas (D:7)
  5 iguanas
  2 sleepcaps (D:5)
  22 orc wizards
  5 hell rats (Hell)
  4 ogre zombies (WizLab)
  A sky beast zombie (Crypt:2)
  A hound skeleton (Crypt:2)
  50 mummies
  20 gnolls
  18 adders
  3 river rats
  2 shadow imps
  A white imp (D:5)
  An ufetubus (D:5)
  An iguana skeleton (Crypt:2)
  5 worms
  94 orcs
  7 endoplasms
  6 giant cockroaches
  4 goblins
  5 hobgoblins
  3 jackals
  32 kobolds
  3 quokkas
  5 ball pythons
  4 frilled lizards
  A hobgoblin skeleton (Crypt:3)
  A jackal skeleton (Crypt:1)
  3 rats
  4 creeping infernos
  25 fire vortices
  4 lurking horrors
  A spectral weapon (Depths:3)
  A starspawn tentacle (Abyss:3)
  5 tentacles
3719 creatures vanquished.

Vanquished Creatures (collateral kills)
  Gloorx Vloq (Pan)
  Ereshkigal (Tar:7)
  the Serpent of Hell (Geh:7)
  Mnoleg (Pan)
  A dread lich (Tar:7)
  A bone dragon (Tar:7)
  4 Tzitzimimeh (Tar:7)
  A Brimstone Fiend (Geh:7)
  A doom hound (Tar:7)
  4 tainted leviathans (Tar:7)
  An eldritch tentacle (Pan)
  A searing wretch (Geh:7)
  A balrug (Geh:7)
  A cacodemon (Pan)
  A putrid mouth (Tar:7)
  A salamander tyrant (Geh:7)
  A soul eater (Pan)
  2 shadow wraiths
  2 molten gargoyles (Geh:7)
  3 demonic crawlers (Pan)
  A hellion (Tar:7)
  A neqoxec (Pan)
  A harpy simulacrum (Coc:3)
  A fire vortex (Geh:7)
34 creatures vanquished.

Vanquished Creatures (others)
  A pandemonium lord (Pan)
  A fire giant (Geh:7)
  2 narguns
  A draconian shifter (Zot:1)
  A war gargoyle (Dis:5)
  A demonspawn blood saint (Pan)
  An elemental wellspring (Coc:5)
  A jiangshi (Crypt:3)
  2 caustic shrike simulacra (Coc:7)
  A sun demon (Pan)
  A deep elf knight (Elf:2)
  A quicksilver dragon simulacrum (Coc:7)
  A wizard (Vaults:2)
  An ironbound convoker (Vaults:3)
  2 spriggan simulacra
  A deep elf archer (Elf:1)
  4 deep elf zephyrmancers
  A moth of wrath (Zot:2)
  A titan simulacrum (Coc:7)
  2 smoke demons (Pan)
  A hellwing (Pan)
  A blink frog (Lair:4)
  A stone giant simulacrum (Coc:4)
  3 dire elephant simulacra
  2 redbacks (Elf:3)
  4 harpy simulacra
  A naga (Snake:2)
  A hydra simulacrum (Coc:7)
  An orc warrior (Elf:2)
  A centaur (D:8)
  A gnoll (D:8)
  2 orcs (Orc:1)
  A ball lightning (Pan)
  A briar patch (Abyss:3)
  104 bushes
  8 creeping infernos
  3 fire vortices
  27 fungi
  A lurking horror (Geh:2)
  101 plants
  A starspawn tentacle (Abyss:3)
  12 tentacles
  4 withered plants
309 creatures vanquished.

Grand Total: 4062 creatures vanquished

Notes
Turn   | Place    | Note
-------+----------+-------------------------------------------
     0 | D:1      | Wizard1ke the Spriggan Fighter began the quest for the Orb.
     0 | D:1      | Reached XP level 1. HP: 11/11 MP: 2/2
   320 | D:1      | Reached XP level 2. HP: 16/16 MP: 3/3
   476 | D:1      | You fall into a shaft and drop 1 floor!
   523 | D:2      | Found Heff's Magic Scroll Shop.
  1228 | D:2      | Bought a scroll of identify for 26 gold pieces
  1293 | D:2      | Reached XP level 3. HP: 18/19 MP: 4/4
  1675 | D:2      | Noticed a black bear
  1727 | D:2      | Killed a black bear
  1728 | D:2      | Reached skill level 5 in Dodging
  1728 | D:2      | Reached XP level 4. HP: 24/24 MP: 5/5
  1728 | D:2      | Reached XP level 5. HP: 28/28 MP: 6/6
  1783 | D:2      | Found Ocoenu's Distillery.
  2262 | D:3      | Found a broken altar of Ashenzari.
  2390 | D:3      | Noticed a black bear
  2536 | D:3      | Killed a black bear
  2537 | D:3      | Reached XP level 6. HP: 32/32 MP: 7/7
  3708 | D:4      | Reached XP level 7. HP: 36/36 MP: 8/8
  4056 | D:4      | Found Peptiv's Book Boutique.
  4160 | D:5      | Entered Level 5 of the Dungeon
  4419 | D:5      | Found a glowing drain.
  4423 | Sewer    | Entered a sewer
  4924 | D:5      | Reached XP level 8. HP: 32/42 MP: 9/9
  5776 | D:6      | Noticed Gadrel's ghost (novice NaFE)
  5835 | D:6      | Reached skill level 10 in Dodging
  5915 | D:2      | Bought a scroll of teleportation for 39 gold pieces
  5915 | D:2      | Bought a scroll of blinking for 97 gold pieces
  6121 | D:6      | Found a shadowy altar of Dithmenos.
  6178 | D:6      | Reached XP level 9. HP: 46/46 MP: 10/10
  6250 | D:6      | Reached skill level 5 in Fighting
  6508 | D:6      | Found a runed translucent gate.
  6510 | D:6      | Found a runed translucent gate.
  6513 | D:6      | Found a runed translucent gate.
  6605 | D:6      | Noticed Eustachio
  7084 | D:7      | Found a staircase to the Ecumenical Temple.
  7111 | Temple   | Entered the Ecumenical Temple
  7339 | Temple   | Became a worshipper of Warmaster Okawaru
  7454 | D:7      | Reached skill level 5 in Long Blades
  7454 | D:7      | Reached skill level 1 in Invocations
  7538 | D:7      | Reached skill level 5 in Shields
  7628 | D:7      | Reached * piety under Okawaru
  7914 | D:8      | Found a staircase to the Lair.
  8106 | D:7      | Reached skill level 1 in Evocations
  8232 | D:8      | Noticed Erica
  8453 | D:8      | Reached XP level 10. HP: 41/53 MP: 12/12
  8647 | D:8      | Killed Erica
  8647 | D:8      | Reached ** piety under Okawaru
  8847 | D:8      | Identified a scroll of acquirement
  8848 | D:8      | Acquired the +0 hat "Put-Me-On" {rF+}
  9077 | D:9      | Reached *** piety under Okawaru
  9398 | D:9      | Noticed a rust devil
  9563 | D:9      | Found a blossoming altar of Fedhas.
  9563 | D:9      | Found a radiant altar of Vehumet.
  9802 | D:10     | Entered Level 10 of the Dungeon
  9962 | D:10     | Noticed a two-headed ogre
 10365 | D:11     | Noticed a two-headed ogre
 10558 | Lair:1   | Entered Level 1 of the Lair of Beasts
 10567 | Lair:1   | Reached XP level 11. HP: 56/58 MP: 15/15
 10858 | Lair:1   | Identified the +5 flail of the Priest {drain, Contam
                  | Fragile rF+++ rCorr}
 11058 | D:10     | Reached skill level 1 in Armour
 11140 | D:11     | Killed a two-headed ogre
 11140 | D:11     | Reached **** piety under Okawaru
 11214 | D:11     | Reached skill level 5 in Invocations
 11610 | D:11     | Found a staircase to the Orcish Mines.
 11779 | D:10     | Killed a two-headed ogre
 11888 | D:11     | Found a hazy altar of Hepliaklqana.
 12048 | D:11     | Reached skill level 15 in Dodging
 12165 | D:11     | Noticed a boulder beetle
 12181 | D:11     | Killed a boulder beetle
 12371 | D:12     | Noticed a two-headed ogre
 12499 | Lair:1   | Reached ***** piety under Okawaru
 13106 | Lair:2   | Reached XP level 12. HP: 53/63 MP: 16/16
 13903 | Lair:3   | Found a staircase to the Shoals.
 14231 | Lair:3   | Received a gift from Okawaru
 14380 | Lair:3   | Found a staircase to the Snake Pit.
 15086 | Lair:4   | Identified the +8 mace of Leytowne {freeze, rF+}
 15120 | Lair:4   | Reached skill level 10 in Long Blades
 15198 | Lair:4   | Noticed a catoblepas
 15237 | Lair:4   | Killed a catoblepas
 15409 | Lair:4   | Noticed a death yak
 15466 | Lair:4   | Noticed a catoblepas
 15579 | Lair:4   | Noticed a boulder beetle
 15597 | Lair:4   | Killed a boulder beetle
 15828 | Lair:4   | Identified the +1 robe "Myf Unug" {Dex+4} (Okawaru gifted
                  | it to you on level 4 of the Lair of Beasts)
 15828 | Lair:4   | Received a gift from Okawaru
 16176 | Lair:4   | Killed a catoblepas
 16350 | Lair:4   | Noticed a six-headed hydra
 16380 | Lair:4   | Reached XP level 13. HP: 67/67 MP: 17/17
 16646 | Lair:5   | Entered Level 5 of the Lair of Beasts
 16960 | Lair:5   | Found a staircase to the Slime Pits.
 16961 | Lair:5   | Found a viscous altar of Jiyva.
 17223 | Lair:5   | Reached skill level 5 in Evocations
 17582 | Lair:5   | Found a hide-covered altar of Uskayaw.
 17582 | Lair:5   | Found an ornate altar of the Wu Jian Council.
 17678 | Lair:5   | Received a gift from Okawaru
 17838 | Lair:5   | Noticed Snorg
 17895 | Lair:5   | Killed Snorg
 18196 | Lair:5   | Received a gift from Okawaru
 18249 | Lair:5   | Reached XP level 14. HP: 65/74 MP: 20/20
 18755 | Lair:5   | Reached ****** piety under Okawaru
 19956 | D:12     | Noticed a storm dragon
 20203 | D:13     | Identified the +0 buckler "Qohoan" {rElec Str+3 Int+2}
                  | (Okawaru gifted it to you on level 13 of the Dungeon)
 20203 | D:13     | Received a gift from Okawaru
 20431 | D:13     | Identified the +8 chain mail "Webubedo" {Harm Drain rPois
                  | Dex-4}
 20485 | D:13     | Found a gate to the Vaults.
 20905 | D:14     | Noticed Azrael
 20966 | D:14     | Killed Azrael
 21634 | D:12     | Killed a storm dragon
 21787 | D:2      | Bought a scroll of teleportation for 39 gold pieces
 21787 | D:2      | Bought a scroll of magic mapping for 97 gold pieces
 21787 | D:2      | Bought a scroll of teleportation for 39 gold pieces
 21787 | D:2      | Bought a scroll of immolation for 52 gold pieces
 21858 | D:2      | Bought a potion of curing for 42 gold pieces
 21858 | D:2      | Bought a potion of resistance for 140 gold pieces
 21858 | D:2      | Bought 2 potions of attraction for 84 gold pieces
 21858 | D:2      | Bought a potion of flight for 42 gold pieces
 21858 | D:2      | Bought a potion of curing for 42 gold pieces
 21858 | D:2      | Bought a potion of heal wounds for 70 gold pieces
 21858 | D:2      | Bought 2 potions of heal wounds for 140 gold pieces
 21858 | D:2      | Bought a potion of lignification for 42 gold pieces
 22064 | Orc:1    | Entered Level 1 of the Orcish Mines
 22288 | Orc:2    | Entered Level 2 of the Orcish Mines
 22626 | Orc:2    | Found Zug Zahur's Distillery.
 22693 | Orc:2    | Found a staircase to the Elven Halls.
 23378 | Orc:2    | Reached XP level 15. HP: 73/80 MP: 22/22
 23481 | Orc:2    | Reached skill level 10 in Fighting
 23901 | Orc:2    | Found Yding's Magic Scroll Shoppe.
 23903 | Orc:2    | Found Rootz's Armour Emporium.
 23903 | Orc:2    | Found Joclir's Book Shoppe.
 23904 | Orc:2    | Found Roce Wicva's Weapon Shoppe.
 23918 | Orc:2    | Bought a scroll of fog for 68 gold pieces
 23918 | Orc:2    | Bought a scroll of teleportation for 51 gold pieces
 23918 | Orc:2    | Bought a scroll of immolation for 68 gold pieces
 23918 | Orc:2    | Bought a scroll of vulnerability for 68 gold pieces
 23918 | Orc:2    | Bought a scroll of teleportation for 51 gold pieces
 23918 | Orc:2    | Bought a scroll of magic mapping for 127 gold pieces
 24056 | Orc:2    | Bought 2 potions of lignification for 78 gold pieces
 24056 | Orc:2    | Bought a potion of attraction for 39 gold pieces
 24056 | Orc:2    | Bought a potion of cancellation for 104 gold pieces
 24056 | Orc:2    | Bought a potion of haste for 130 gold pieces
 24056 | Orc:2    | Bought 2 potions of heal wounds for 130 gold pieces
 24056 | Orc:2    | Bought a potion of lignification for 39 gold pieces
 24056 | Orc:2    | Bought a potion of haste for 130 gold pieces
 24292 | Orc:1    | Received a gift from Okawaru
 25074 | D:6      | Killed Eustachio
 25264 | Snake:1  | Entered Level 1 of the Snake Pit
 25398 | Snake:1  | Noticed a nagaraja
 25420 | Snake:1  | Killed a nagaraja
 25587 | Snake:1  | Noticed Asterion
 25599 | Snake:1  | Killed Asterion
 26759 | Snake:2  | Reached skill level 10 in Invocations
 26782 | Snake:2  | Noticed a nagaraja
 26900 | Snake:2  | Identified the +10 shortbow "Taujykil" {drain, *Corrode
                  | Str+2 Int+2}
 27482 | Snake:2  | Identified the +1 robe of the Everdark {Regen+ Str+4 Int-5}
                  | (Okawaru gifted it to you on level 2 of the Snake Pit)
 27482 | Snake:2  | Received a gift from Okawaru
 28274 | Snake:2  | Found the +3 pair of seven-league boots {Rampage+∞}
 28648 | Snake:2  | Killed a nagaraja
 28822 | Snake:2  | Reached XP level 16. HP: 84/87 MP: 24/24
 28870 | Snake:2  | Reached skill level 10 in Evocations
 29602 | Snake:3  | Found Vetriodai's Distillery.
 29604 | Snake:3  | Found Odghomeva's Antique Armour Emporium.
 29607 | Snake:3  | Found Weudgh's Weapon Shoppe.
 29946 | Snake:3  | Bought 2 potions of curing for 102 gold pieces
 29946 | Snake:3  | Bought a potion of haste for 170 gold pieces
 29946 | Snake:3  | Bought a potion of attraction for 51 gold pieces
 29946 | Snake:3  | Bought a potion of magic for 136 gold pieces
 29946 | Snake:3  | Bought a potion of curing for 51 gold pieces
 29946 | Snake:3  | Bought a potion of curing for 51 gold pieces
 29948 | Snake:3  | Bought a runed cloak for 307 gold pieces
 29962 | Snake:3  | Acquired 897 gold pieces
 29972 | Snake:3  | Bought a tattered robe for 233 gold pieces
 29972 | Snake:3  | Identified the +2 robe of Snakes and Ladders {rPois rC-
                  | Will+ MP+9} (You bought it in a shop on level 3 of the
                  | Snake Pit)
 30299 | Snake:3  | Found Uteth's CLEARANCE SALE!.
 30322 | Snake:3  | Bought a potion of might for 16 gold pieces
 30322 | Snake:3  | Bought a scroll of enchant armour for 30 gold pieces
 30649 | Snake:4  | Entered Level 4 of the Snake Pit
 30712 | Snake:4  | Identified the +2 robe of Moek {Rampage rF- rCorr Stlth+}
                  | (Okawaru gifted it to you on level 4 of the Snake Pit)
 30712 | Snake:4  | Received a gift from Okawaru
 31258 | Arena    | Entered the Arena
 31804 | Snake:4  | Noticed Aizul
 31837 | Snake:4  | Killed Aizul
 33972 | Snake:4  | Reached XP level 17. HP: 67/93 MP: 26/26
 34237 | Snake:4  | Got a serpentine rune of Zot
 34781 | Vaults:1 | Entered Level 1 of the Vaults
 35186 | Vaults:1 | Found a transporter.
 35190 | Vaults:1 | Found the +1 robe of Vines {NoPotionHeal Regen++++}
 35229 | Vaults:1 | Found a transporter.
 36303 | Vaults:1 | Received a gift from Okawaru
 37105 | D:15     | Entered Level 15 of the Dungeon
 37244 | D:15     | Found Boykaiw's Antique Weapon Emporium.
 37302 | D:15     | Found a staircase to the Depths.
 37348 | D:15     | Identified the +0 buckler "Heymuk" {Rampage rCorr Dex+2}
                  | (Okawaru gifted it to you on level 15 of the Dungeon)
 37348 | D:15     | Received a gift from Okawaru
 38444 | Vaults:2 | Found Exzaled's Magic Scroll Shop.
 38586 | Vaults:2 | Bought 2 scrolls of vulnerability for 128 gold pieces
 38586 | Vaults:2 | Bought a scroll of enchant weapon for 120 gold pieces
 38586 | Vaults:2 | Bought a scroll of immolation for 64 gold pieces
 38586 | Vaults:2 | Bought a scroll of magic mapping for 120 gold pieces
 38586 | Vaults:2 | Bought a scroll of teleportation for 48 gold pieces
 38586 | Vaults:2 | Bought a scroll of enchant weapon for 120 gold pieces
 38639 | Vaults:2 | Reached XP level 18. HP: 90/100 MP: 28/28
 38681 | Vaults:2 | Found a staircase to the Crypt.
 39301 | Vaults:2 | Reached skill level 10 in Shields
 39916 | Vaults:2 | Acquired a manual of Shields
 39937 | Vaults:2 | Received a gift from Okawaru
 41309 | Vaults:3 | Received a gift from Okawaru
 41692 | Vaults:3 | Reached XP level 19. HP: 107/107 MP: 29/29
 41753 | Vaults:3 | Noticed Nikola
 41847 | Vaults:3 | Reached skill level 15 in Fighting
 41895 | Vaults:3 | Found Noshuaph's Antique Armour Shoppe.
 41990 | Vaults:3 | Found Vycsut's Jewellery Boutique.
 42392 | Vaults:3 | Killed Nikola
 43028 | Vaults:4 | Received a gift from Okawaru
 43992 | Vaults:4 | Identified the +0 robe of Tenacity {Dex+3} (Okawaru gifted
                  | it to you on level 4 of the Vaults)
 43992 | Vaults:4 | Received a gift from Okawaru
 44753 | Elf:1    | Entered Level 1 of the Elven Halls
 44753 | Elf:1    | Noticed Agnes
 44769 | Orc:2    | Killed Agnes
 44816 | Elf:1    | Found Dugur's Assorted Antiques.
 44883 | Elf:1    | Found a magical portal.
 44901 | WizLab   | Entered Zonguldrok's Shrine
 45271 | WizLab   | Noticed an antique lich
 45289 | WizLab   | Killed an antique lich
 45302 | WizLab   | Found the +9 sword of Zonguldrok {reap}
 45307 | WizLab   | Got the Papyrus of the Legion and Soot
 45665 | Orc:2    | Reached XP level 20. HP: 50/116 MP: 27/30
 45826 | Elf:1    | Got Tuups's Octavo of Concussion
 46086 | Elf:1    | Learned a level 3 spell: Vhi's Electric Charge
 46332 | Elf:2    | Reached skill level 1 in Translocations
 46523 | Elf:2    | Found Ciebb's Armour Emporium.
 46523 | Elf:2    | Noticed Saint Roka
 46708 | Elf:2    | Killed Saint Roka
 46785 | Elf:2    | Identified the +1 mace "Zubuggienu" {heavy, rN+++ Will-
                  | Stlth-}
 47076 | Elf:2    | Identified the +0 hat "Wialaq" {MP+9} (Okawaru gifted it to
                  | you on level 2 of the Elven Halls)
 47076 | Elf:2    | Received a gift from Okawaru
 47078 | Elf:2    | Found a runed translucent gate.
 47078 | Elf:2    | Found a runed translucent gate.
 47115 | Elf:2    | Found a runed translucent gate.
 47160 | Elf:3    | Entered Level 3 of the Elven Halls
 47202 | Elf:3    | Paralysed by an air elemental for 1 turns
 47257 | Elf:3    | Paralysed by an air elemental for 1 turns
 47955 | Elf:3    | Found a radiant altar of Vehumet.
 48053 | Elf:3    | Reached skill level 5 in Translocations
 48253 | Elf:3    | Found Xazesaom's Antique Weapon Emporium.
 48772 | Elf:3    | Identified the +10 broad axe of Devotion {elec, rPois rF+
                  | Will+ Dex-2}
 49356 | Elf:3    | Identified the +9 spear of Doom {freeze, rElec Dex+4}
 49356 | Elf:3    | Identified the +1 battleaxe "Demonslayer" {flame, rN+}
 49438 | Elf:3    | Got the Codex of Open Graves and Heat
 49445 | Elf:3    | Got the Catalogue of Fulgurous Rime
 49463 | Elf:3    | Identified the staff of earth "Vidd" {+Blink}
 49933 | Depths:1 | Entered Level 1 of the Depths
 50026 | Depths:1 | Found a one-way gateway to a ziggurat.
 50210 | Depths:1 | Found a white marble altar of Elyvilon.
 50248 | Depths:1 | You fall into a shaft and drop 1 floor!
 50348 | Depths:2 | Reached XP level 21. HP: 111/121 MP: 29/32
 50529 | Depths:1 | Found a glowing golden altar of the Shining One.
 50796 | Depths:1 | Found a gateway to Hell.
 50919 | Depths:1 | Found a one-way gate to the infinite horrors of the Abyss.
 51499 | Depths:2 | Found a one-way gate leading to the halls of Pandemonium.
 51698 | Depths:2 | Noticed a juggernaut
 51706 | Depths:2 | Received a gift from Okawaru
 51725 | Depths:2 | Killed a juggernaut
 51809 | Depths:2 | Got Hoffim's Papyrus of Windy Putridity
 51927 | Depths:2 | Reached skill level 15 in Long Blades
 51971 | Depths:2 | Found a sparkling altar of Nemelex Xobeh.
 52770 | Depths:2 | Identified the +5 trident "Qiox" {heavy, rElec rPois Dex+2}
                  | (Okawaru gifted it to you on level 2 of the Depths)
 52770 | Depths:2 | Received a gift from Okawaru
 53273 | Depths:3 | Reached skill level 10 in Translocations
 53293 | Depths:3 | Found an ancient bone altar of Kikubaaqudgha.
 54257 | Depths:3 | Received a gift from Okawaru
 54715 | Depths:3 | Found a blossoming altar of Fedhas.
 54778 | Depths:4 | Entered Level 4 of the Depths
 55024 | Depths:4 | Identified the +3 morningstar "Goecos" {holy, rPois Int+3}
 55279 | Depths:4 | Found Iteg's General Store.
 55283 | Depths:4 | Bought a potion of resistance for 120 gold pieces
 55283 | Depths:4 | Bought a potion of curing for 36 gold pieces
 55345 | Depths:4 | Found Ceol's Distillery.
 55356 | Depths:4 | Bought a potion of heal wounds for 80 gold pieces
 55356 | Depths:4 | Bought a potion of ambrosia for 128 gold pieces
 55356 | Depths:4 | Bought a potion of lignification for 48 gold pieces
 55356 | Depths:4 | Bought a potion of heal wounds for 80 gold pieces
 55486 | Depths:4 | Found Xotunk's Firing Range.
 55547 | Depths:4 | Found Fuamerop's General Store.
 55552 | Depths:4 | Bought a ring of poison resistance for 280 gold pieces
 55784 | Depths:4 | Found a gate to the Realm of Zot.
 56204 | Depths:4 | Reached XP level 22. HP: 107/128 MP: 33/33
 56247 | Depths:4 | Identified the +1 hat of Muttered Phrases {rElec Stlth+}
                  | (Okawaru gifted it to you on level 4 of the Depths)
 56247 | Depths:4 | Received a gift from Okawaru
 56431 | Depths:4 | Found Tyfriuhi's Distillery.
 56448 | Depths:4 | Bought a potion of heal wounds for 105 gold pieces
 56448 | Depths:4 | Bought a potion of cancellation for 168 gold pieces
 56448 | Depths:4 | Bought a potion of mutation for 168 gold pieces
 56448 | Depths:4 | Bought a potion of cancellation for 168 gold pieces
 56448 | Depths:4 | Bought a potion of mutation for 168 gold pieces
 56448 | Depths:4 | Bought a potion of cancellation for 168 gold pieces
 56448 | Depths:4 | Bought a potion of heal wounds for 105 gold pieces
 56448 | Depths:4 | Bought a potion of heal wounds for 105 gold pieces
 56448 | Depths:4 | Bought a potion of might for 84 gold pieces
 56448 | Depths:4 | Bought a potion of lignification for 63 gold pieces
 56915 | Shoals:1 | Entered Level 1 of the Shoals
 57708 | Shoals:2 | Found Kyis's Mayhem Merchandise.
 57895 | Shoals:2 | Reached skill level 1 in Air Magic
 58813 | Shoals:3 | Reached skill level 15 in Invocations
 59706 | Shoals:4 | Entered Level 4 of the Shoals
 59965 | Shoals:4 | Got a barnacled rune of Zot
 59995 | Shoals:4 | Got Pylun's Compilation of Greatest Risks and Utility
 60131 | Shoals:4 | Received a gift from Okawaru
 60503 | Shoals:4 | Found Yfoutse's Vocational Training.
 60524 | Shoals:4 | Bought a manual of Invocations for 1200 gold pieces
 60766 | Shoals:4 | Identified the staff of earth "Ycaskoal" {+Blink rElec
                  | Will- Int-3}
 61194 | Vaults:5 | Entered Level 5 of the Vaults
 61275 | Vaults:5 | Noticed a dread lich
 61294 | Vaults:5 | Killed a dread lich
 61355 | Vaults:5 | Identified the +2 long sword of Qoomast {vamp, rC+ rCorr
                  | Dex+5 Stlth-} (Okawaru gifted it to you on level 5 of the
                  | Vaults)
 61355 | Vaults:5 | Received a gift from Okawaru
 61747 | Vaults:5 | Identified the +0 swamp dragon scales of Philately {rPois
                  | Will++}
 61751 | Vaults:5 | Identified the +1 chain mail "Tuogojos" {rC++ Str-5}
 61922 | Vaults:5 | Identified the +7 falchion of Regicide {freeze, +Blink
                  | Str+2} (Okawaru gifted it to you on level 5 of the Vaults)
 61922 | Vaults:5 | Received a gift from Okawaru
 61923 | Vaults:5 | Reached XP level 23. HP: 72/130 MP: 35/35
 61960 | Vaults:5 | Identified the +14 plate armour "Ygawau" {rElec rC- Int+8
                  | Stlth-}
 62004 | Vaults:5 | Identified the amulet "Wuirgh" {Rampage +Inv rN+ Will-
                  | Regen+}
 62167 | Vaults:5 | Reached skill level 15 in Shields
 62225 | Vaults:5 | Identified the staff of earth "Ufaoda Gezuk" {Dex+6}
 62504 | Vaults:5 | Identified the +3 buckler of the Saviour {rF- rC++ rCorr
                  | Str+3} (Okawaru gifted it to you on level 5 of the Vaults)
 62504 | Vaults:5 | Received a gift from Okawaru
 62568 | Vaults:5 | Got the Codex of Anemomancy
 62577 | Vaults:5 | Noticed an ancient lich
 62603 | Vaults:5 | Killed an ancient lich
 63032 | Vaults:5 | Reached skill level 15 in Translocations
 63554 | Vaults:5 | Got a silver rune of Zot
 63573 | Vaults:5 | Identified the +6 dagger of the Heart {heavy, rElec Dex+3}
 64103 | Slime:1  | Entered Level 1 of the Pits of Slime
 64167 | Slime:2  | Gained mutation: You are weak. (Str -2) [a shining eye]
 64251 | Slime:5  | Entered Level 5 of the Pits of Slime
 64539 | Slime:5  | Found a viscous altar of Jiyva.
 64540 | Slime:5  | Noticed the Royal Jelly
 64577 | Slime:5  | Killed the Royal Jelly
 64841 | Slime:5  | Identified the +1 pearl dragon scales "Dutzunua" {rN+ Dex+6
                  | SInv} (Okawaru gifted it to you on level 5 of the Pits of
                  | Slime)
 64841 | Slime:5  | Received a gift from Okawaru
 65014 | Slime:5  | Identified the amulet of Malyn {RegenMP Fragile rC+ Dex+3}
 65023 | Slime:5  | Got the Secrets of Arctic Oxidation
 65070 | Slime:5  | Got a slimy rune of Zot
 65072 | Slime:5  | Got the Atlas of Blazing Gases
 65154 | Slime:5  | Gained mutation: Your magical capacity is low. (-10% MP) [a
                  | shining eye]
 66134 | Temple   | Fell from the grace of Okawaru
 66134 | Temple   | Became a worshipper of the Shining One
 66402 | Crypt:1  | Entered Level 1 of the Crypt
 66462 | Crypt:1  | Reached * piety under the Shining One
 66627 | Crypt:1  | Noticed a royal mummy
 66658 | Crypt:1  | Noticed Xtahua
 66770 | Vaults:2 | Killed Xtahua
 66871 | Crypt:1  | Noticed Khufu
 66871 | Crypt:1  | Reached ** piety under the Shining One
 67555 | Crypt:1  | Noticed Grunn
 67676 | Vaults:2 | Reached XP level 24. HP: 136/142 MP: 33/33
 68053 | Crypt:1  | Killed Grunn
 68239 | Crypt:1  | Reached *** piety under the Shining One
 68492 | Crypt:2  | Identified the ring "Ifeczin" {Ice Int+4}
 68492 | Crypt:2  | Noticed Josephina
 68756 | Crypt:1  | Killed Josephina
 69112 | Crypt:2  | Reached **** piety under the Shining One
 69299 | Crypt:2  | Reached ***** piety under the Shining One
 69898 | Crypt:3  | Entered Level 3 of the Crypt
 70151 | Crypt:3  | Found a staircase to the Tomb.
 70495 | Crypt:3  | Reached ****** piety under the Shining One
 70498 | Crypt:3  | Identified a +9 eudemon blade of holy wrath (a +9 demon
                  | blade of freezing blessed by the Shining One)
 70498 | Crypt:3  | Received a gift from the Shining One
 70603 | Crypt:3  | Found a basalt altar of Yredelemnul.
 70739 | Crypt:3  | Identified the ring "Geadd" {+Blink rF+ rN+ rCorr Int-3}
 70739 | Crypt:3  | Identified the ring of Attitude {rN+ Stlth+}
 70841 | Crypt:3  | Identified the +6 whip of Kismet {speed, rC+ Str+2 Int-2
                  | Stlth+}
 71066 | Crypt:3  | Identified the staff of air "Nuvvothro" {rElec Dex+2}
 71142 | Crypt:3  | Reached skill level 1 in Spellcasting
 71770 | Hell     | Entered the Vestibule of Hell
 71770 | Hell     | Noticed Geryon
 71779 | Hell     | Noticed Murray
 71848 | Hell     | Reached skill level 5 in Spellcasting
 71850 | Hell     | Killed Geryon
 71862 | Depths:1 | Killed Murray
 71863 | Depths:1 | Reached XP level 25. HP: 111/147 MP: 3/35
 72117 | Hell     | Found a gateway to the ashen valley of Gehenna.
 72168 | Hell     | Found a gateway to the decaying netherworld of Tartarus.
 72218 | Hell     | Found a gateway to the freezing wastes of Cocytus.
 72260 | Hell     | Found a gateway to the Iron City of Dis.
 72518 | Zot:1    | Entered Level 1 of the Realm of Zot
 73132 | Zot:1    | Noticed an ancient lich
 73132 | Zot:1    | Noticed an ancient lich
 73138 | Zot:1    | Killed an ancient lich
 73143 | Zot:1    | Killed an ancient lich
 73603 | Zot:1    | Found the +4 dragonskin cloak
 73603 | Zot:1    | Noticed Tiamat
 73821 | Zot:1    | Killed Tiamat
 74728 | Zot:1    | Was forgiven by Okawaru
 76786 | Zot:3    | Found a transporter.
 76962 | Zot:3    | Found a transporter.
 77060 | Zot:3    | Reached XP level 26. HP: 152/152 MP: 36/36
 77152 | Zot:3    | Found a transporter.
 77286 | Zot:4    | Noticed an orb of fire
 77289 | Zot:4    | Gained mutation: You occasionally lose the ability to drink
                  | potions when taking damage. [an orb of fire]
 77308 | Zot:4    | Gained mutation: You occasionally lose the ability to read
                  | scrolls when taking damage. [an orb of fire]
 77309 | Zot:4    | Killed an orb of fire
 77319 | Zot:3    | Lost mutation: Your magical capacity is low. (-10% MP)
                  | [potion of mutation]
 77319 | Zot:3    | Lost mutation: You are weak. (Str -2) [potion of mutation]
 77319 | Zot:3    | Gained mutation: You sometimes lose the ability to drink
                  | potions when taking damage. [potion of mutation]
 77319 | Zot:3    | Lost mutation: You occasionally lose the ability to read
                  | scrolls when taking damage. [potion of mutation]
 77319 | Zot:3    | Gained mutation: You occasionally shout uncontrollably at
                  | your foes. [potion of mutation]
 77320 | Zot:3    | Lost mutation: You sometimes lose the ability to drink
                  | potions when taking damage. [potion of mutation]
 77320 | Zot:3    | Lost mutation: You occasionally shout uncontrollably at
                  | your foes. [potion of mutation]
 77320 | Zot:3    | Gained mutation: Your body sometimes deteriorates upon
                  | taking damage. [potion of mutation]
 77320 | Zot:3    | Gained mutation: You occasionally lose the ability to read
                  | scrolls when taking damage. [potion of mutation]
 77320 | Zot:3    | Gained mutation: Your mind is acute. (Int +4, Str/Dex -1)
                  | [potion of mutation]
 77321 | Zot:3    | Lost mutation: Your body sometimes deteriorates upon taking
                  | damage. [potion of mutation]
 77321 | Zot:3    | Lost mutation: Your mind is acute. (Int +4, Str/Dex -1)
                  | [potion of mutation]
 77321 | Zot:3    | Gained mutation: Your movements are slightly less
                  | encumbered by armour. (ER -2) [potion of mutation]
 77321 | Zot:3    | Gained mutation: You are somewhat resistant to further
                  | mutation. [potion of mutation]
 77322 | Zot:3    | Lost mutation: You occasionally lose the ability to read
                  | scrolls when taking damage. [potion of mutation]
 77322 | Zot:3    | Lost mutation: You are somewhat resistant to further
                  | mutation. [potion of mutation]
 77322 | Zot:3    | Gained mutation: Your magical capacity is low. (-10% MP)
                  | [potion of mutation]
 77322 | Zot:3    | Gained mutation: Your muscles are strong. (Str +4, Int/Dex
                  | -1) [potion of mutation]
 77536 | Zot:3    | Learned a level 2 spell: Lesser Beckoning
 78121 | Zot:4    | Learned a level 6 spell: Dispersal
 78303 | Zot:5    | Entered Level 5 of the Realm of Zot
 79181 | Pan      | Entered Pandemonium
 79199 | Pan      | Found an exit through the horrors of the Abyss.
 79573 | Pan      | Entered the realm of Gloorx Vloq.
 79762 | Pan      | Noticed Gloorx Vloq
 80207 | Pan      | Killed Gloorx Vloq
 80218 | Pan      | Got a dark rune of Zot
 80464 | Pan      | Found a huge runed translucent gate.
 80464 | Pan      | Found a huge runed translucent gate.
 80542 | Pan      | Entered the realm of Mnoleg.
 80554 | Pan      | Gained mutation: You occasionally lose the ability to read
                  | scrolls when taking damage. [a neqoxec]
 80632 | Pan      | Gained mutation: You are vulnerable to heat. (rF-) [a
                  | neqoxec]
 80676 | Pan      | Gained mutation: You sometimes lose the ability to read
                  | scrolls when taking damage. [a cacodemon]
 80682 | Pan      | Gained mutation: You are frail. (-10% HP) [a cacodemon]
 80737 | Pan      | Noticed Mnoleg
 80766 | Pan      | Killed Mnoleg
 80792 | Pan      | Got a glowing rune of Zot
 80858 | Pan      | Lost mutation: You sometimes lose the ability to read
                  | scrolls when taking damage. [potion of mutation]
 80858 | Pan      | Lost mutation: Your muscles are strong. (Str +4, Int/Dex
                  | -1) [potion of mutation]
 80858 | Pan      | Lost mutation: Your magical capacity is low. (-10% MP)
                  | [potion of mutation]
 80858 | Pan      | Gained mutation: Armour fits poorly on your strangely
                  | shaped body. [potion of mutation]
 80858 | Pan      | Gained mutation: You are clumsy. (Dex -2) [potion of
                  | mutation]
 80858 | Pan      | Gained mutation: You are very clumsy. (Dex -4) [potion of
                  | mutation]
 80858 | Pan      | Gained mutation: Your spells are a little harder to cast,
                  | but a little more powerful. [potion of mutation]
 80859 | Pan      | Lost mutation: You occasionally lose the ability to drink
                  | potions when taking damage. [potion of mutation]
 80859 | Pan      | Lost mutation: You are frail. (-10% HP) [potion of
                  | mutation]
 80859 | Pan      | Gained mutation: You are strong-willed. (Will+) [potion of
                  | mutation]
 80859 | Pan      | Gained mutation: Your system is resistant to poisons.
                  | (rPois) [potion of mutation]
 80859 | Pan      | Gained mutation: You occasionally shout uncontrollably at
                  | your foes. [potion of mutation]
 80860 | Pan      | Lost mutation: Your spells are a little harder to cast, but
                  | a little more powerful. [potion of mutation]
 80860 | Pan      | Lost mutation: Armour fits poorly on your strangely shaped
                  | body. [potion of mutation]
 80860 | Pan      | Gained mutation: You expend magic power (3 MP) to
                  | strengthen your wands. [potion of mutation]
 80860 | Pan      | Gained mutation: You have sharp toenails. [potion of
                  | mutation]
 80873 | Pan      | Lost mutation: Your system is resistant to poisons. (rPois)
                  | [potion of mutation]
 80873 | Pan      | Lost mutation: You occasionally shout uncontrollably at
                  | your foes. [potion of mutation]
 80873 | Pan      | Lost mutation: You are strong-willed. (Will+) [potion of
                  | mutation]
 80873 | Pan      | Gained mutation: You have razor-sharp toenails. [potion of
                  | mutation]
 80874 | Pan      | Lost mutation: Your movements are slightly less encumbered
                  | by armour. (ER -2) [potion of mutation]
 80874 | Pan      | Lost mutation: You expend magic power (3 MP) to strengthen
                  | your wands. [potion of mutation]
 80874 | Pan      | Gained mutation: Your spells are a little easier to cast,
                  | but a little less powerful. [potion of mutation]
 80874 | Pan      | Lost mutation: You are very clumsy. (Dex -4) [potion of
                  | mutation]
 80874 | Pan      | Gained mutation: You are dopey. (Int -2) [potion of
                  | mutation]
 80875 | Pan      | Lost mutation: Your spells are a little easier to cast, but
                  | a little less powerful. [potion of mutation]
 80875 | Pan      | Lost mutation: You are vulnerable to heat. (rF-) [potion of
                  | mutation]
 80875 | Pan      | Gained mutation: You sometimes lose the ability to read
                  | scrolls when taking damage. [potion of mutation]
 80875 | Pan      | Lost mutation: You are dopey. (Int -2) [potion of mutation]
 80875 | Pan      | Gained mutation: Your natural rate of healing is unusually
                  | fast. [potion of mutation]
 80875 | Pan      | Gained mutation: You have a pair of small antennae on your
                  | head. [potion of mutation]
 81069 | Pan      | Noticed Doud Amope the pandemonium lord
 81076 | Pan      | Killed Doud Amope the pandemonium lord
 81134 | Pan      | Gained mutation: You are weak. (Str -2) [a cacodemon]
 81139 | Pan      | Gained mutation: Your flesh is cold resistant. (rC+) [a
                  | cacodemon]
 81140 | Pan      | Gained mutation: You are very weak. (Str -4) [a cacodemon]
 81405 | Pan      | Noticed Jaippoho the pandemonium lord
 81412 | Pan      | Reached XP level 27. HP: 149/157 MP: 35/41
 81429 | Pan      | Killed Jaippoho the pandemonium lord
 81601 | Pan      | Noticed Ixtom the pandemonium lord
 81611 | Pan      | Entered the realm of Lom Lobon.
 81864 | Pan      | Noticed Lom Lobon
 82043 | Pan      | Got a magical rune of Zot
 82079 | Pan      | Noticed Nesohatz the pandemonium lord
 82088 | Pan      | Killed Nesohatz the pandemonium lord
 82101 | Pan      | Entered the realm of Cerebov.
 82251 | Pan      | Identified the +6 morningstar "Wacy" {freeze, MP+9 Stlth+}
 82287 | Pan      | Identified the amulet of the Republic {Acrobat rF+}
 82371 | Pan      | Identified the ring of Benuoq {rC+ Int+2 Dex-3 Stlth+}
 82373 | Pan      | Identified the +5 trident "Texeloih" {drain, *Rage rC+++
                  | Int+8}
 82378 | Pan      | Found the +6 sword of Cerebov {flame}
 82378 | Pan      | Noticed Cerebov
 82487 | Pan      | Got a fiery rune of Zot
 82727 | Pan      | Noticed Gyte the pandemonium lord
 82950 | Pan      | Found an exit through the horrors of the Abyss.
 83204 | Pan      | Noticed Ignacio
 83292 | Pan      | Found an exit through the horrors of the Abyss.
 83365 | Pan      | Noticed Yticef the pandemonium lord
 83382 | Pan      | Killed Yticef the pandemonium lord
 83972 | Pan      | Noticed Gerch the pandemonium lord
 83982 | Pan      | Killed Gerch the pandemonium lord
 84044 | Pan      | Got a demonic rune of Zot
 84220 | Pan      | Found an exit through the horrors of the Abyss.
 84229 | Pan      | Took an exit into the Abyss.
 84229 | Abyss:1  | Escaped into the Abyss
 84230 | Abyss:1  | Found a corrupted altar of Lugonu.
 84424 | Abyss:2  | Found a corrupted altar of Lugonu.
 84563 | Abyss:3  | Found a corrupted altar of Lugonu.
 84752 | Abyss:3  | Got an abyssal rune of Zot
 84782 | Abyss:3  | Noticed a dread lich
 84789 | Abyss:3  | Killed a dread lich
 84797 | Depths:4 | Escaped the Abyss
 84981 | Geh:1    | Entered Level 1 of Gehenna
 85106 | Geh:2    | Found a runed translucent gate.
 85106 | Geh:2    | Found a runed translucent gate.
 85106 | Geh:2    | Found a runed translucent gate.
 85123 | Geh:2    | Found a runed translucent gate.
 85123 | Geh:2    | Found a runed translucent gate.
 85137 | Geh:2    | Found a runed translucent gate.
 85137 | Geh:2    | Found a runed translucent gate.
 85138 | Geh:2    | Found a runed translucent gate.
 85138 | Geh:2    | Found a runed translucent gate.
 85144 | Geh:2    | Found a runed translucent gate.
 85144 | Geh:2    | Found a runed translucent gate.
 85144 | Geh:2    | Found a runed translucent gate.
 85707 | Geh:7    | Entered Level 7 of Gehenna
 85903 | Geh:7    | Noticed the Serpent of Hell
 85912 | Geh:7    | Killed the Serpent of Hell
 86093 | Geh:7    | Identified the +2 morningstar of the Eight Eyes {drain,
                  | rElec rCorr}
 86194 | Geh:7    | Identified the +7 battleaxe of Governance {venom, Str+5
                  | Stlth+}
 86257 | Geh:7    | Found the +13 sceptre of Asmodeus
 86257 | Geh:7    | Identified the ring of Honesty {rC+ MP+9}
 86257 | Geh:7    | Noticed Asmodeus
 86378 | Geh:7    | Got an obsidian rune of Zot
 86379 | Geh:7    | Identified the +11 rapier "Hiell" {spect, rF+}
 86599 | Tar:1    | Entered Level 1 of Tartarus
 86684 | Tar:3    | Noticed an ancient lich
 86690 | Tar:3    | Killed an ancient lich
 86926 | Tar:5    | Noticed an ancient lich
 86926 | Tar:5    | Noticed an ancient lich
 86926 | Tar:5    | Noticed a dread lich
 86926 | Tar:5    | Noticed an ancient lich
 86931 | Tar:5    | Killed an ancient lich
 86932 | Tar:5    | Killed an ancient lich
 86933 | Tar:5    | Killed an ancient lich
 86934 | Tar:5    | Killed a dread lich
 87270 | Tar:6    | Lost mutation: You have a pair of small antennae on your
                  | head. [potion of mutation]
 87270 | Tar:6    | Lost mutation: You are clumsy. (Dex -2) [potion of
                  | mutation]
 87270 | Tar:6    | Lost mutation: Your natural rate of healing is unusually
                  | fast. [potion of mutation]
 87270 | Tar:6    | Gained mutation: You are strong-willed. (Will+) [potion of
                  | mutation]
 87271 | Tar:6    | Lost mutation: Your flesh is cold resistant. (rC+) [potion
                  | of mutation]
 87271 | Tar:6    | Lost mutation: You are strong-willed. (Will+) [potion of
                  | mutation]
 87271 | Tar:6    | Lost mutation: You are very weak. (Str -4) [potion of
                  | mutation]
 87271 | Tar:6    | Gained mutation: You are robust. (+10% HP) [potion of
                  | mutation]
 87271 | Tar:6    | Gained mutation: Your spells are a little easier to cast,
                  | but a little less powerful. [potion of mutation]
 87271 | Tar:6    | Gained mutation: Your system is resistant to poisons.
                  | (rPois) [potion of mutation]
 87272 | Tar:6    | Lost mutation: You are weak. (Str -2) [potion of mutation]
 87272 | Tar:6    | Lost mutation: You have razor-sharp toenails. [potion of
                  | mutation]
 87272 | Tar:6    | Gained mutation: Your body sometimes deteriorates upon
                  | taking damage. [potion of mutation]
 87414 | Tar:7    | Entered Level 7 of Tartarus
 88027 | Tar:7    | Noticed a dread lich
 88036 | Tar:7    | Killed a dread lich
 88236 | Tar:7    | Noticed a dread lich
 88238 | Tar:7    | Noticed an ancient lich
 88245 | Tar:7    | Killed a dread lich
 88251 | Tar:7    | Killed an ancient lich
 88286 | Tar:7    | Noticed a dread lich
 88286 | Tar:7    | Noticed Ereshkigal
 88292 | Tar:7    | Killed a dread lich
 88303 | Tar:7    | Killed Ereshkigal
 88527 | Tar:7    | Got a bone rune of Zot
 89076 | Tomb:1   | Entered Level 1 of the Tomb of the Ancients
 89099 | Tomb:1   | Acquired the +2 hat "Fekhlele" {rElec rPois Will- Regen+}
 89359 | Tomb:1   | Learned a level 1 spell: Apportation
 89444 | Tomb:1   | Noticed a royal mummy
 89448 | Tomb:1   | Noticed a royal mummy
 89453 | Tomb:1   | Killed a royal mummy
 89453 | Tomb:1   | Killed a royal mummy
 89516 | Tomb:1   | Lost mutation: Your system is resistant to poisons. (rPois)
                  | [potion of mutation]
 89516 | Tomb:1   | Lost mutation: You are robust. (+10% HP) [potion of
                  | mutation]
 89516 | Tomb:1   | Lost mutation: Your spells are a little easier to cast, but
                  | a little less powerful. [potion of mutation]
 89516 | Tomb:1   | Gained mutation: Your magical capacity is low. (-10% MP)
                  | [potion of mutation]
 89517 | Tomb:1   | Lost mutation: You sometimes lose the ability to read
                  | scrolls when taking damage. [potion of mutation]
 89517 | Tomb:1   | Lost mutation: You have sharp toenails. [potion of
                  | mutation]
 89517 | Tomb:1   | Lost mutation: You occasionally lose the ability to read
                  | scrolls when taking damage. [potion of mutation]
 89517 | Tomb:1   | Gained mutation: You expend magic power (3 MP) to
                  | strengthen your wands. [potion of mutation]
 89762 | Tomb:2   | Noticed a royal mummy
 89762 | Tomb:2   | Noticed a royal mummy
 89763 | Tomb:2   | Noticed a royal mummy
 89764 | Tomb:2   | Noticed a royal mummy
 89766 | Tomb:2   | Killed a royal mummy
 89767 | Tomb:2   | Killed a royal mummy
 89767 | Tomb:2   | Killed a royal mummy
 89769 | Tomb:2   | Killed a royal mummy
 90066 | Tomb:2   | Identified the +5 plate armour of the Pleiades {Harm rF+}
 90291 | Tomb:3   | Entered Level 3 of the Tomb of the Ancients
 90337 | Tomb:3   | Noticed a royal mummy
 90339 | Tomb:3   | Noticed a royal mummy
 90345 | Tomb:3   | Killed a royal mummy
 90345 | Tomb:3   | Killed a royal mummy
 90353 | Tomb:3   | Noticed a royal mummy
 90362 | Tomb:3   | Noticed a royal mummy
 90363 | Tomb:3   | Killed a royal mummy
 90367 | Tomb:3   | Noticed a royal mummy
 90367 | Tomb:3   | Noticed a royal mummy
 90371 | Tomb:3   | Killed a royal mummy
 90371 | Tomb:3   | Killed a royal mummy
 90372 | Tomb:3   | Killed a royal mummy
 90695 | Tomb:3   | Noticed a royal mummy
 90707 | Tomb:3   | Killed a royal mummy
 90710 | Tomb:3   | Noticed a royal mummy
 90720 | Tomb:3   | Killed a royal mummy
 90787 | Tomb:3   | Got a golden rune of Zot
 90826 | Tomb:3   | Found the brooch of Shielding {Spirit SH+8}
 90833 | Tomb:3   | Identified the +9 hand axe of Conformity {flame, *Noise
                  | rElec rCorr Int-2 Dex+5}
 90840 | Tomb:3   | Identified the +6 scimitar of Gloom {antimagic, rF+}
 91583 | Coc:1    | Entered Level 1 of Cocytus
 91604 | Coc:1    | Noticed an ancient lich
 91611 | Coc:1    | Killed an ancient lich
 92143 | Coc:4    | You are sucked into a shaft and drop 1 floor!
 92430 | Coc:5    | Paralysed by a wendigo for 1 turns
 92681 | Coc:7    | Entered Level 7 of Cocytus
 92820 | Coc:7    | Paralysed by a wendigo for 1 turns
 93023 | Coc:7    | Paralysed by a wendigo for 1 turns
 93274 | Coc:7    | Paralysed by a wendigo for 1 turns
 93363 | Coc:7    | Paralysed by a wendigo for 1 turns
 93598 | Coc:7    | Noticed Antaeus
 93835 | Coc:7    | Identified the +7 battleaxe of Saltpetre {drain, Str+2
                  | Int+5 Dex-2 SInv}
 93837 | Coc:7    | Got an icy rune of Zot
 94061 | Dis:1    | Entered Level 1 of the Iron City of Dis
 94550 | Dis:7    | Entered Level 7 of the Iron City of Dis
 95309 | Dis:7    | Noticed Dispater
 95351 | Dis:7    | Identified the staff of death "Nololin" {rPois rN+ rCorr
                  | SInv}
 95356 | Dis:7    | Got an iron rune of Zot
 95874 | Zot:5    | Noticed a dread lich
 95899 | Zot:5    | Killed a dread lich
 95919 | Zot:5    | Noticed an orb of fire
 95949 | Zot:5    | Killed an orb of fire
 96018 | Zot:5    | Noticed an orb of fire
 96024 | Zot:5    | Noticed an orb of fire
 96025 | Zot:5    | Gained mutation: You are clumsy. (Dex -2) [an orb of fire]
 96033 | Zot:5    | Killed an orb of fire
 96033 | Zot:5    | Gained mutation: Potions are less effective at restoring
                  | your health. [an orb of fire]
 96046 | Zot:5    | Killed an orb of fire
 96051 | Zot:5    | Noticed an orb of fire
 96065 | Zot:5    | Gained mutation: Your spells are a little easier to cast,
                  | but a little less powerful. [an orb of fire]
 96089 | Zot:5    | Gained mutation: You occasionally shout uncontrollably at
                  | your foes. [an orb of fire]
 96112 | Zot:5    | Killed an orb of fire
 96365 | Zot:5    | Got the Orb of Zot
 96527 | Zot:1    | Noticed Xigge the pandemonium lord
 96703 | D:13     | Noticed Balukhuts the pandemonium lord
 96946 | D:$      | Escaped with the Orb!

Illustrated notes

Levels and vault maps discovered:
D:1:      tarquinn_simple_flora_water_c, layout_loops_ring,
          minmay_misc_feat_secret_circle
D:2:      layout_basic, serial_shops, nicolae_shop_waterfront,
          nicolae_shop_industrial_runoff
D:3:      layout_rooms, old_standard_altar, chequers_jeans
D:4:      layout_loops_ring, serial_shops, nicolae_shop_pleasant_corner_grove
D:5:      layout_loops_cross, gup_sewer_entry_spiral,
          hangedman_abyss_or_decor_passed, nicolae_half_adder
D:6:      layout_basic, nicolae_dithmenos_through_a_glass_darkly,
          gammafunk_ghost_icy, serial_curves, eino_curves_03, eino_curves_03,
          eino_curves_04, uniq_eustachio
D:7:      layout_gridville, minmay_temple_entry_gardened_gates,
          mrwooster_statue_mirror
D:8:      layout_rooms, lair_entry_dummy, serial_bayou, serial_bayou_pond_e,
          serial_bayou_crossing, serial_bayou_pond_e, serial_bayou_pond_d,
          hangedman_misty_isle, uniq_erica
D:9:      layout_loops_ring, grunt_temple_overflow_open
D:10:     layout_roguey
D:11:     layout_roguey, david_orc_4, nicolae_hepliaklqana_hippocampus
D:12:     regret_index_wax_grids, layout_basic
D:13:     layout_layer_cave, david_vaults_2, corexii_corridor_pit
D:14:     layout_irregular_city, kennysheep_small_spiral, uniq_azrael,
          uniq_louise
D:15:     gammafunk_depths_entry_grave, layout_loops_ring, serial_shops,
          nicolae_shop_behind_doors, minivault_11
Temple:   mainiacjoe_temple_bowtie_tessellation
Lair:1:   layout_misc_corridors
Lair:2:   layout_regular_city, serial_forest, infiniplex_forest_clump_diagonal,
          infiniplex_forest_clump_C, infiniplex_forest_straight_5,
          infiniplex_forest_zigzag_1, infiniplex_forest_clump_large,
          lemuel_fruit_tree, grunt_megastairs_3
Lair:3:   layout_cave_pods, minmay_shoals_entry_centaurs,
          minmay_snake_entry_guardpost_small
Lair:4:   nzn_winding_woodlands_medium [nzn_winding_woodlands_5x5_checkerboard,
          nzn_winding_woodlands_5x15_sidewinder,
          nzn_winding_woodlands_5x5_default, nzn_winding_woodlands_5x5_three,
          nzn_winding_woodlands_center_garden,
          nzn_winding_woodlands_5x5_closed_star,
          nzn_winding_woodlands_5x5_default,
          nzn_winding_woodlands_5x15_pathside_ponds,
          nzn_winding_woodlands_5x5_open_star], layout_cave_pods
Lair:5:   evilmike_catoblepas_cave, layout_loops_ring, slime_entry_1,
          nzn_masters_of_martial_movement, grunt_megastairs_2,
          infiniplex_staircase_pool_2, uniq_snorg
Shoals:1: layout_shoals, nicolae_shoals_square_sea_wall,
          nicolae_shoals_aquamancer_cove
Shoals:2: layout_shoals, minmay_shop_mayhem, nicolae_shoals_enchanted_isle
Shoals:3: layout_shoals
Shoals:4: shoals_end_simple, layout_shoals, nicolae_shop_vocational
Snake:1:  layout_chambers, special_room, uniq_asterion
Snake:2:  hangedman_cross_veins, layout_gridlike, nrook_loot_triangle
Snake:3:  layout_grid_maze, nicolae_shop_clearance, minmay_shop_star,
          grunt_megastairs_4, serial_bayou_shore_b
Snake:4:  grunt_snake_rune_spirals, layout_onion_interference, uniq_aizul
Slime:1:  layout_caves
Slime:2:  layout_caves, nicolae_slime_phagocytosis
Slime:3:  layout_caves
Slime:4:  layout_caves, nicolae_slime_getting_an_eyeful
Slime:5
Orc:1:    layout_caves, guppyfry_library_mini
Orc:2:    st_orc_pillars, layout_caves, serial_shops, nicolae_shop_statue_plus
Elf:1:    layout_rooms, mu_enter_wizlab_3, serial_shops, nicolae_square_shop,
          hangedman_elven_crosses_minicolossus, minmay_elf_annihilation,
          uniq_agnes
Elf:2:    nicolae_elf_blades_splatter_lattice [mumra_blade_entry_dagger],
          layout_gridlike, serial_shops, nicolae_shop_hallway_plus,
          uniq_saint_roka
Elf:3:    minmay_elf_hall_x, layout_geoelf_diagonals, serial_shops,
          nicolae_shop_statue_plus, basic_altar, drop_trap
Vaults:1: v_misc_28, grunt_vaults_bifocal, v_misc_14, v_misc_16,
          nicolae_vaults_puzzle_piece, grunt_vaults_hallway_short,
          gammafunk_the_bubble [the_bubble_gammafunk_grid], vaults_room_fours,
          vaults_room_grunt_arrival_ludios, vaults_room_hallway,
          layout_vaults_omnicross
Vaults:2: hangedman_vaults_variations, hangedman_vaults_maws, v_alt_pattern_5,
          nicolae_vaults_twisting_passages, v_misc_30, v_rooms_1,
          minmay_crypt_entry_simple_corners, v_misc_19,
          nicolae_vaults_little_squares_5, nicolae_vaults_diagonal_hallway_9,
          nicolae_vaults_quartermaster, nicolae_vaults_ring_of_whatevers,
          ontoclasm_vaults_pinch, layout_vaults_maze_snakey, serial_shops,
          nicolae_shop_tiny_waterfront
Vaults:3: v_misc_14, vaults_room_semicircle, grunt_vaults_trifunnel,
          vaults_dpeg_ring, vaults_room_grid, v_misc_5, ontoclasm_vaults_chip,
          nicolae_vaults_alarming, vaults_dpeg_diagonal, layout_vaults_omnigrid,
          serial_shops, shop, nicolae_shop_hallway_stairs, uniq_nikola
Vaults:4: hangedman_vaults_unwind, ontoclasm_vaults_ligature,
          vaults_dpeg_encased_lava, v_rooms_5, vaults_room_large_hall,
          hangedman_vaults_locks, hangedman_vaults_pinch, v_misc_2, v_misc_1,
          nicolae_vaults_specimen_jars, v_misc_16, serial_ice_h, v_misc_16,
          layout_vaults_omnibox
Vaults:5
Crypt:1:  layout_chaotic_city, grunt_crypt_arrival_guarded_gate, uniq_khufu,
          uniq_xtahua, uniq_grunn
Crypt:2:  layout_misc_corridors, uniq_josephina
Crypt:3:  church_of_pain_bobbens, layout_chaotic_city, tomb_entry_simple_bobbens
Tomb:1
Tomb:2
Tomb:3
Depths:1: layout_cave_shapes, enter_ziggurat_c, grunt_hell_entry_dis_old,
          elyvilon_altar_5, abyss_entry, chequers_serial_rivers_micro_b,
          tso_metal_star
Depths:2: minmay_the_grid_octo_2x2 [minmay_the_grid_octo_pinwheel,
          minmay_the_grid_octo_fat_diamond, minmay_the_grid_octo_empty,
          minmay_the_grid_octo_prize_big_c], layout_gridville, pan_entry,
          grunt_mini_vestibule, nemelex_spade_bored_becter
Depths:3: minmay_spriggan_fort, layout_long_grid, fedhas_altar_3, hell_entry,
          abyss_entry_small_statue_room, nicolae_kikubaaqudgha_miasma_corner
Depths:4: grunt_zot_entry_tricorne, layout_gridlike,
          serial_sigils_hangedman_carve, serial_curves, eino_curves_03,
          eino_curves_03, serial_shops, nicolae_shop_hallway_plus, shop, shop,
          nicolae_shop_hallway_plus, hell_entry, rand_demon_pan_entry_3,
          nicolae_shop_firing_range, serial_bayou_shore_b
Hell
Dis:1:    layout_subdivisions
Dis:2:    layout_overlapping_boxes
Dis:3:    layout_subdivisions
Dis:4:    layout_subdivisions, nicolae_dis_scattering
Dis:5:    layout_jigsaw, nicolae_dis_big_boring_drill
Dis:6:    layout_gridville, nicolae_hells_hurtin_island
Dis:7:    iron_city_of_dis [dis_mu, dis_wall_4], layout_gridville,
          glass_columns_a
Geh:1:    nicolae_hells_demon_pit, layout_gehenna_pools_box
Geh:2:    layout_gehenna_pools_triple, nicolae_geh_backdraft
Geh:3:    layout_gehenna_lava_caves, nicolae_geh_lava_lounge
Geh:4:    layout_gehenna_pools_basic
Geh:5:    layout_gehenna_pools_box
Geh:6:    layout_gehenna_lava_caves
Geh:7:    geh_grunt_pentagon
Coc:1:    layout_ice_bergs
Coc:2:    layout_cocytus_delve, nicolae_hells_seeping_fissure
Coc:3:    layout_cocytus_delve
Coc:4:    layout_cocytus_water_paths
Coc:5:    layout_cocytus_water_paths
Coc:6:    layout_cocytus_delve
Coc:7:    coc_hangedman
Tar:1:    layout_grid_maze
Tar:2:    layout_catacombs, nicolae_tar_cuneiform_heaven, lemuel_nasty_fountain
Tar:3:    layout_grid_maze
Tar:4:    layout_grid_maze
Tar:5:    layout_grid_maze, nicolae_tar_liches_on_tour
Tar:6:    layout_grid_maze, lemuel_nasty_pond
Tar:7:    tar_grunt_cathedral
Zot:1:    grunt_deathspiral_small, layout_concentric_octagons, drop_trap,
          uniq_tiamat
Zot:2:    layout_gridlike, st_stairs_3
Zot:3:    gammafunk_its_a_trap, layout_misc_corridors, nicolae_diode_basic
Zot:4:    layout_onion
Zot:5:    layout_misc_corridors, st_stairs_5

Skill      XL: |  1  2  3  4  5  6  7  8  9 10 11 12 13 14 15 16 17 18 19 20 21 22 23 24 25 26 27 |
---------------+----------------------------------------------------------------------------------+-----
Fighting       | 3 4 5 6 7 8 9 11 12 13 14 16 17 18 20 26 | 26.0
Long Blades    | 2 3 4 5 6 7 11 12 13 14 15 16 18 22 | 22.0
Dodging        | 5 6 7 8 10 12 13 15 16 18 19 20 22 24 26 | 26.5
Shields        | 3 4 5 6 7 9 10 11 13 14 15 24 | 24.8
Invocations    | 2 4 5 7 9 10 11 12 13 14 15 18 22 24 26 | 26.6
Evocations     | 2 3 6 9 10 | 10.0
Armour         | 2 4 |  4.0
Translocations | 7 10 13 15 18 | 18.0
Air Magic      | 4 |  4.0
Spellcasting   | 6 8 |  8.0

Action                     |  1- 3 |  4- 6 |  7- 9 | 10-12 | 13-15 | 16-18 | 19-21 | 22-24 | 25-27 || total
---------------------------+-------+-------+-------+-------+-------+-------+-------+-------+-------++-------
  Melee: Long sword        |    62 |   148 |       |       |       |       |       |       |       ||   210
         Scimitar          |       |       |   383 |   961 |   579 |       |       |   936 |       ||  2859
         Demon blade       |       |       |       |       |  1589 |  2586 |  2822 |  1802 |       ||  8799
         Eudemon blade     |       |       |       |       |       |       |       |   262 |  4252 ||  4514
         Kick              |       |       |       |       |       |       |       |       |   858 ||   858
   Fire: Sling             |    23 |    59 |    53 |    34 |       |       |       |       |       ||   169
  Throw: Dart              |       |       |       |    15 |    15 |     1 |       |       |       ||    31
   Cast: Vhi's Electric Ch |       |       |       |       |       |       |     1 |    11 |   164 ||   176
         Apportation       |       |       |       |       |       |       |       |       |     2 ||     2
         Dispersal         |       |       |       |       |       |       |       |       |     1 ||     1
 Invoke: Heroism           |       |       |     1 |    18 |    19 |    18 |    16 |    14 |       ||    86
         Finesse           |       |       |       |       |     5 |     6 |     8 |     2 |       ||    21
         Duel              |       |       |       |       |       |     1 |       |       |       ||     1
         Divine Shield     |       |       |       |       |       |       |       |    11 |    66 ||    77
         Cleansing Flame   |       |       |       |       |       |       |       |    46 |   321 ||   367
         Brand Weapon With |       |       |       |       |       |       |       |     1 |       ||     1
         Summon Divine War |       |       |       |       |       |       |       |       |    24 ||    24
  Evoke: Wand              |       |       |     3 |     2 |     9 |     3 |    13 |     6 |    17 ||    53
         Phantom mirror    |       |       |       |       |       |       |       |     1 |     1 ||     2
         Phial of floods   |       |       |       |       |       |       |       |     1 |       ||     1
    Use: Scroll            |     2 |       |     6 |    23 |     8 |     7 |     7 |    12 |    26 ||    91
         Potion            |       |     1 |       |     6 |       |     6 |     2 |     8 |    50 ||    73
   Stab: Sleeping          |     1 |     2 |       |       |     2 |     1 |     4 |     7 |       ||    17
         Invisible         |       |       |     1 |       |     5 |       |     2 |       |       ||     8
         Distracted        |       |       |     2 |       |       |     1 |     3 |     2 |       ||     8
         Paralysed         |       |       |       |       |    11 |       |     5 |     2 |       ||    18
 Armour: Robe              |     3 |     6 |    14 |       |       |     9 |       |       |       ||    32
         Steam dragon scal |       |       |       |     8 |       |       |       |       |       ||     8
         Acid dragon scale |       |       |       |    44 |   149 |   119 |   137 |   129 |    37 ||   615
         Swamp dragon scal |       |       |       |       |       |       |       |       |   189 ||   189
         Skin              |       |       |       |       |       |       |       |       |    58 ||    58
  Dodge: Dodged            |    56 |   106 |   363 |   917 |  1607 |  1856 |  2307 |  2425 |  3166 || 12803
  Block: Buckler           |    10 |    28 |    97 |   277 |   476 |   589 |   811 |  1106 |  2316 ||  5710

Table legend: (Time is in decaauts)
 A = Elapsed time spent in this place.
 B = Non-inter-level travel time spent in this place.
 C = Inter-level travel time spent in this place.
 D = Time resting spent in this place.
 E = Time spent auto-exploring this place.
 F = Levels seen in this place.
 G = Mean time per level.
                   A        B        C        D        E       F      G
               +--------+--------+--------+--------+--------+-----+--------+
         Total |  67964 |  61718 |   6246 |   8985 |  24277 | 113 |  601.5 |
       Dungeon |  12676 |  10105 |   2571 |    531 |   4917 |  15 |  845.1 |
        Temple |    233 |    175 |     58 |      7 |    111 |   1 |  233.0 |
          Lair |   5172 |   4486 |    686 |    140 |   2403 |   5 | 1034.4 |
        Shoals |   2594 |   2497 |     97 |     74 |   1593 |   4 |  648.5 |
     Snake Pit |   6528 |   6314 |    214 |   1021 |   2888 |   4 | 1632.0 |
    Slime Pits |    800 |    777 |     23 |    248 |     15 |   5 |  160.0 |
  Orcish Mines |   2118 |   1966 |    152 |    251 |    676 |   2 | 1059.0 |
   Elven Halls |   3072 |   2981 |     91 |    762 |    855 |   3 | 1024.0 |
        Vaults |   8986 |   8021 |    965 |   1185 |   2524 |   5 | 1797.2 |
         Crypt |   3012 |   2790 |    222 |    259 |   1077 |   3 | 1004.0 |
          Tomb |   1493 |   1401 |     92 |    240 |    622 |   3 |  497.7 |
        Depths |   5608 |   5024 |    584 |   1031 |   2193 |   4 | 1402.0 |
          Hell |    587 |    484 |    103 |    153 |    184 |   1 |  587.0 |
           Dis |   1019 |    998 |     21 |    362 |     52 |   7 |  145.6 |
       Gehenna |   1039 |   1039 |      0 |    225 |    132 |   7 |  148.4 |
       Cocytus |   1766 |   1766 |      0 |    637 |    115 |   7 |  252.3 |
      Tartarus |   1634 |   1589 |     45 |    506 |    245 |   7 |  233.4 |
           Zot |   5265 |   4948 |    317 |   1104 |   2112 |   5 | 1053.0 |
         Abyss |    345 |    345 |      0 |     13 |    136 |   3 |  115.0 |
   Pandemonium |   3390 |   3390 |      0 |    199 |   1283 |  19 |  178.4 |
         Sewer |    324 |    324 |      0 |     17 |    130 |   1 |  324.0 |
        Wizlab |    275 |    275 |      0 |      0 |      7 |   1 |  275.0 |
         Arena |     19 |     19 |      0 |     13 |      0 |   1 |   19.0 |
               +--------+--------+--------+--------+--------+-----+--------+

Top non-repeatable levels by time:
Vaults:2: 2856 daAuts
 Snake:4: 2567 daAuts
Vaults:1: 1936 daAuts
   Zot:1: 1837 daAuts
Vaults:5: 1801 daAuts
  Lair:5: 1551 daAuts
Depths:4: 1526 daAuts
 Snake:2: 1505 daAuts
Depths:3: 1420 daAuts
   Orc:2: 1385 daAuts
Depths:1: 1382 daAuts
 Snake:1: 1378 daAuts
Depths:2: 1278 daAuts
   Elf:2: 1274 daAuts
Vaults:3: 1240 daAuts
